 Dungeon Crawl Stone Soup version 0.28-a0-1435-g82390b3a13 (webtiles) character file.

Game seed: 6995877970208896489

8 knot the Chopper (level 2, 15/36 HPs)
             Began as a Demonspawn Berserker on Jan 10, 2022.
             Was a Follower of Trog.
             Quit the game on level 1 of the Dungeon.
             The game lasted 00:00:28 (216 turns).

knot the Chopper (Demonspawn Berserker)              Turns: 216, Time: 00:00:29

Health: 15/36      AC:  2    Str: 17    XL:     2   Next: 0%
Magic:  2/2        EV: 12    Int:  8    God:    Trog [*.....]
Gold:   0          SH:  0    Dex: 12    Spells: 1/1 levels left

rFire   . . .      SeeInvis .   g - +0 war axe
rCold   . . .      Faith    .   (no shield)
rNeg    . . .      Spirit   .   b - +0 animal skin
rPois   .          Reflect  .   (no helmet)
rElec   .          Harm     .   (no cloak)
rCorr   .          Rampage  .   (no gloves)
Will    .....                   (no boots)
Stlth   ..........              (no amulet)
HPRegen 0.12/turn               (no ring)
MPRegen 0.08/turn               (no ring)

@: berserking, very quick
A: spiny 1
a: Renounce Religion, Berserk


You were on level 1 of the Dungeon.
You worshipped Trog.
Trog was aware of your devotion.
You visited 1 branch of the dungeon, and saw 1 of its levels.

Inventory:

Hand Weapons
 g - a +0 war axe (weapon)
Missiles
 d - 42 stones (quivered)
Armour
 b - a +0 animal skin (worn)
Jewellery
 f - a ring of ice
Scrolls
 c - a scroll of identify {unknown}
Potions
 a - a potion of flight {unknown}
 e - a potion of curing {unknown}


   Skills:
 - Level 3.0 Fighting
 + Level 3.2 Axes
 - Level 1.7 Armour
 - Level 1.7 Dodging


You had one spell level left.
You didn't know any spells.
Your spell library was empty.

Dungeon Overview and Level Annotations

Branches:
Dungeon (1/15)

Altars:


Innate Abilities, Weirdness & Mutations

You are partially covered in sharp spines.


Message History

You barely miss the jackal. You closely miss the rat. You hit the jackal.
The jackal bites you but does no damage.
The jackal misses you. The rat bites you. The jackal barely misses you.
The jackal bites you. The rat bites you.
You slash the jackal!
You kill the jackal!
Trog accepts your kill.
You barely miss the jackal. You hit the rat. The bat hits you.
The bat hits you but does no damage. The jackal barely misses you.
The bat barely misses you. The rat misses you. The jackal bites you.
Your Axes skill increases to level 3!
A red film seems to cover your vision as you go berserk!
You feel yourself moving faster!
You feel mighty! The bat closely misses you. The bat hits you.
The bat hits you but does no damage. The rat bites you.
An endoplasm comes into view.
The endoplasm quivers.
You slash the rat!
You kill the rat!
Trog accepts your kill.
You closely miss the bat. You closely miss the jackal.
The bat hits you but does no damage. The bat barely misses you.
The jackal barely misses you. The bat hits you. The jackal bites you.
You are too injured to fight recklessly!
You are too injured to fight recklessly!
You are too injured to fight recklessly!
You are too injured to fight recklessly!
Unknown command.
You are too injured to fight recklessly!
You slash the endoplasm!
You kill the endoplasm!
Trog accepts your kill.
You miss the bat. You slash the jackal!
You kill the jackal!
Trog accepts your kill.
You closely miss the jackal. The bat closely misses you. x2
The jackal bites you. The jackal closely misses you.
You have reached level 2!
Your demonic ancestry asserts itself...
Sharp spines emerge from parts of your body.
Are you sure you want to abandon this character and quit the game? (Confirm with "yes".)

########## ##.....
).#......####..... .
#...............J. ..
#.##.##.###....... ...
..#...#.# ..#..#r# ....
........##(# #...##.....
.#....#....# #hhSb.....
.....##..### #@# .....
..#......# ###b#......
#...##...#####..........
.....#.........#........
..................#.....
.#..)#...######.###.....
.##.##...# #.# ....
................. ...
.....#######..#.## ..#


You could see an endoplasm, a quokka, 2 jackals, 2 bats and a ball python.

Vanquished Creatures
  A bat (D:1)
  An endoplasm (D:1)
  2 jackals (D:1)
  A ball python (D:1)
  A kobold (D:1)
  2 rats (D:1)
8 creatures vanquished.

Notes
Turn   | Place    | Note
-------+----------+-------------------------------------------
     0 | D:1      | knot the Demonspawn Berserker began the quest for the Orb.
     0 | D:1      | Reached XP level 1. HP: 18/18 MP: 1/1
   216 | D:1      | Gained mutation: You are partially covered in sharp spines.
                  | [demonic ancestry]
   216 | D:1      | Reached XP level 2. HP: 15/24 MP: 2/2
   216 | D:1      | Quit the game

Illustrated notes

Levels and vault maps discovered:
D:1:      dpeg_arrival_rooms_c, layout_rooms, hangedman_decor_clover_reticule,
          solitary_fountain, minivault_11

Skill      XL: |  1 |
---------------+----+-----
Axes           | 3 |  3.2
Fighting       | |  3.0
Armour         | |  1.7
Dodging        | |  1.7

Action                   || total
-------------------------++-------
Melee: Hand axe          ||     9
       War axe           ||     4
Invok: Berserk           ||     1
Armor: Animal skin       ||     8
Dodge: Dodged            ||    23

Table legend: (Time is in decaauts)
 A = Elapsed time spent in this place.
 B = Non-inter-level travel time spent in this place.
 C = Inter-level travel time spent in this place.
 D = Time resting spent in this place.
 E = Time spent auto-exploring this place.
 F = Levels seen in this place.
 G = Mean time per level.
                   A        B        C        D        E       F      G
               +--------+--------+--------+--------+--------+-----+--------+
         Total |    217 |    212 |      5 |      0 |    166 |   1 |  217.0 |
       Dungeon |    217 |    212 |      5 |      0 |    166 |   1 |  217.0 |
               +--------+--------+--------+--------+--------+-----+--------+

Top non-repeatable levels by time:
     D:1: 217 daAuts
